 Dungeon Crawl Stone Soup version 0.23.2-40-g277498a (webtiles) character file.

Game seed: 4636072901173720365

397 Aisha the Firebug (level 6, -4/36 HPs)
             Began as an Octopode Fire Elementalist on Sept 27, 2019.
             Was an Initiate of Vehumet.
             Slain by an orc
             ... wielding a +0 dagger
              (7 damage)
             ... on level 5 of the Dungeon.
             The game lasted 00:10:30 (3796 turns).

Aisha the Firebug (Octopode Fire Elementalist)      Turns: 3796, Time: 00:10:31

Health: -4/36      AC:  1    Str:  8    XL:     6   Next: 83%
Magic:  2/11       EV: 13    Int: 19    God:    Vehumet [......]
Gold:   156        SH:  0    Dex: 12    Spells: 1/11 levels left

rFire    . . .     SeeInvis .   n - +1 flail (venom)
rCold    . . .     Gourm    .   (no shield)
rNeg     . . .     Faith    .   (helmet restricted)
rPois    .         Spirit   .   (no amulet)
rElec    .         Reflect  .   (no ring)
rCorr    .         Harm     .   (no ring)
MR       .....                  (no ring)
Stlth    +++.......             (no ring)
HPRegen  0.12/turn              (no ring)
MPRegen  0.12/turn              (no ring)
                                (no ring)
                                (no ring)

@: no status effects
A: almost no armour, stealthy swim, amphibious, 8 rings, constrict 8, camouflage
1, gelatinous body 1
a: Renounce Religion


You were on level 5 of the Dungeon.
You worshipped Vehumet.
Vehumet was noncommittal.
You were not hungry.

You visited 2 branches of the dungeon, and saw 6 of its levels.

You collected 156 gold pieces.


Innate Abilities, Weirdness & Mutations

You cannot wear most types of armour.
You are very stealthy in the water. (Stealth+)
You are amphibious.
You can wear up to eight rings at the same time.
You can use your tentacles to constrict eight enemies at once.
Your skin changes colour to match your surroundings (Stealth+).
Your rubbery body absorbs attacks. (AC +1, EV +1)


   Skills:
 - Level 2.0 Dodging
 - Level 2.6 Stealth
 + Level 3.3 Spellcasting
 * Level 4.2 Conjurations
 * Level 5.2 Fire Magic


You had one spell level left.
You knew the following spells:

 Your Spells              Type           Power        Failure   Level  Hunger
c - Conjure Flame         Conj/Fire      ###.....     6%          3    ###....
f - Throw Flame           Conj/Fire      ###...       3%          2    ##.....
y - Sticky Flame          Conj/Fire      ###.....     22%         4    ####...
z - Flame Tongue          Conj/Fire      ###..        2%          1    None

Your spell library contained the following spells:

 Spells                   Type           Power        Failure   Level  Hunger
 Inner Flame              Hex/Fire       ##......     16%         3    ###....
 Fireball                 Conj/Fire      ###.......   52%         5    ######.

Inventory:

Hand Weapons
 k - a +0 hunting sling
 m - a +0 halberd
 n - a +1 flail of venom (weapon)
Missiles
 h - a throwing net {=f}
Wands
 d - a wand of acid (7)
Scrolls
 a - 4 scrolls of identify {unknown}
 e - 4 scrolls of teleportation {@r4}
 i - 4 scrolls of remove curse {@r2}
 j - a scroll of magic mapping {unknown}
 o - a scroll of immolation {unknown}
 p - a scroll of noise {unknown}
Potions
 c - a potion of mutation {unknown}
 f - 2 potions of degeneration {unknown}
 g - a potion of heal wounds {unknown}
 l - a potion of brilliance {unknown}
 r - a potion of invisibility
Comestibles
 b - 12 rations {@e1}

Dungeon Overview and Level Annotations

Branches:
Dungeon (5/15)             Temple (1/1) D:4

Altars:
Ashenzari
Cheibriados
Elyvilon
Fedhas
Gozag
Hepliaklqana
Kikubaaqudgha
Makhleb
Okawaru
Qazlal
Trog
Uskayaw
Vehumet
Wu Jian
Xom
The Shining One

Annotations:
D:3 exclusion: orc wizard

. .#. ⌠.#.
#..######
#..l....#
#..†)..#
+...)..#
#...o@.#
##..h<.#
#.....#
.........#
..>......#
.........#
..>......#
.........#
.........#


You could see an orc, a leopard gecko and a jackal.


Message History

The jackal bites you but does no damage.
A leopard gecko comes into view.
The quokka bites you.
* * * LOW HITPOINT WARNING * * *
The orc hits you with a +0 dagger.
* * * LOW HITPOINT WARNING * * *
The jackal bites you.
* * * LOW HITPOINT WARNING * * *
Evoke which item? (* to show all) (? for menu, Esc to quit)
Aiming: Corrosive Bolt
Press: ? - help, Shift-Dir - straight line, f/p - orc priest
Aim: an orc priest, wielding a +0 hand axe (lightly wounded)
The bolt of acid hits the orc priest!
The orc priest is splashed with acid.
The acid corrodes the orc priest!
You kill the orc priest!
Vehumet accepts your kill.
The leopard gecko hisses angrily.
You constrict the quokka.
You kill the quokka!
Vehumet accepts your kill. The jackal misses you. The orc barely misses you.
Casting: Flame Tongue (safe; 2% risk of failure)
Confirm with . or Enter, or press ? or * to list all spells.
Aiming: Flame Tongue (safe; 2% risk of failure)
Press: ? - help, Shift-Dir - straight line, f - orc
Aim: an orc, wielding a +0 dagger and wearing a +0 chain mail The flame tongue hits the orc.
The orc is severely wounded.
The jackal closely misses you. The orc hits you with a +0 dagger!
You die...

Skill      XL: |  1  2  3  4  5  6 |
---------------+-------------------+-----
Conjurations   | 2 3 4 |  4.2
Fire Magic     | 4 5 |  5.2
Spellcasting   | 3 |  3.3
Dodging        | |  2.0
Stealth        | |  2.6

Action                   |  1- 3 |  4- 6 || total
-------------------------+-------+-------++-------
Melee: Unarmed           |     2 |       ||     2
       Dagger            |    42 |    29 ||    71
       Tentacles         |     9 |     5 ||    14
       Constrict         |     8 |    17 ||    25
       Flail             |       |    26 ||    26
 Cast: Flame Tongue      |    13 |    41 ||    54
       Throw Flame       |     1 |    32 ||    33
Evoke: Wand              |       |     3 ||     3
  Use: Scroll            |       |     2 ||     2
 Stab: Sleeping          |     8 |     9 ||    17
  Eat: Chunk             |     1 |     7 ||     8
       Ration            |       |     1 ||     1
Armor: Skin              |     4 |     3 ||     7
Dodge: Dodged            |    26 |    55 ||    81

Levels and vault maps discovered:
D:1:      giann_horns, layout_basic, minmay_split_cup_small
D:2:      layout_loops_ring, tso_metal_star, first_ration, item_on_display_a,
          uniq_jessica
D:3:      corexii_shack_village, layout_basic, chequers_decorated_corner
D:4:      layout_loops_cross, minmay_temple_entry_statues_pillars,
          corexii_hall_statues_deadend, kennysheep_generic_room_4
D:5:      layout_gridville, grunt_decor_mini_mirrors
Temple:   dpeg_three_leaves_temple

Notes
Turn   | Place    | Note
-------+----------+-------------------------------------------
     0 | D:1      | Aisha the Octopode Fire Elementalist began the quest for
                  | the Orb.
     0 | D:1      | Reached XP level 1. HP: 11/11 MP: 3/3
   294 | D:1      | Reached XP level 2. HP: 16/17 MP: 1/5
   618 | D:1      | Reached XP level 3. HP: 21/21 MP: 6/6
   770 | D:2      | Reached skill level 2 in Conjurations
  1111 | D:2      | Found a glowing golden altar of the Shining One.
  1151 | D:2      | Noticed Jessica
  1208 | D:2      | Learned a level 2 spell: Throw Flame
  1212 | D:2      | Learned a level 3 spell: Conjure Flame
  1215 | D:2      | Killed Jessica
  1215 | D:2      | Reached XP level 4. HP: 27/27 MP: 2/7
  1794 | D:3      | Reached skill level 4 in Fire Magic
  2037 | D:3      | Reached XP level 5. HP: 27/31 MP: 2/9
  2158 | D:3      | Reached skill level 3 in Conjurations
  2841 | D:4      | Reached skill level 3 in Spellcasting
  2848 | D:4      | Found a staircase to the Ecumenical Temple.
  2874 | Temple   | Entered the Ecumenical Temple
  2877 | Temple   | Became a worshipper of Vehumet
  2909 | D:4      | Reached XP level 6. HP: 23/36 MP: 10/10
  3179 | D:4      | Learned a level 4 spell: Sticky Flame
  3624 | D:5      | Entered Level 5 of the Dungeon
  3633 | D:5      | Reached skill level 4 in Conjurations
  3633 | D:5      | Reached skill level 5 in Fire Magic
  3754 | D:5      | Noticed an orc warrior
  3794 | D:5      | HP: 3/36 [jackal (3)]
  3796 | D:5      | Slain by an orc

Vanquished Creatures
  A scorpion (D:4)
  An orc priest (D:5)
  An orc wizard (D:5)
  A bullfrog skeleton (D:4)
  Jessica (D:2)
  A worker ant (D:4)
  An iguana (D:5)
  2 adders
  8 gnolls
  2 dart slugs
  13 orcs
  8 bats
  6 giant cockroaches
  7 goblins
  7 hobgoblins
  A jackal (D:5)
  2 quokkas
  2 ball pythons
  2 frilled lizards
  6 kobolds
  5 rats
78 creatures vanquished.

Table legend:
 A = Turns spent in this place as a percentage of turns spent in the entire game.
 B = Non-inter-level travel turns spent in this place as a percentage of non-inter-level travel turns spent in the entire game.
 C = Inter-level travel turns spent in this place as a percentage of turns spent in this place.
 D = Turns resting spent in this place as a percentage of non-inter-level travel turns spent in this place.
 E = Turns spent auto-exploring this place as a percentage of non-inter-level travel turns spent in this place.
 F = Non-inter-level travel turns spent in this place divided by the number of levels of this place that you've seen.
                   A       B       C       D       E      F
               +-------+-------+-------+-------+-------+----------------------
         Total | 100.0 | 100.0 |   2.3 |  32.8 |  51.4 | 618.0
       Dungeon |  99.6 |  99.6 |   2.3 |  32.9 |  51.6 | 738.6
        Temple |   0.4 |   0.4 |  11.8 |   0.0 |   0.0 |  15.0
               +-------+-------+-------+-------+-------+----------------------

Table legend:
 A = Non-vault XP
 B = Vault XP
 C = Vault XP percentage of total XP
 D = Non-vault monster count
 E = Vault monster count
 F = Vault count percentage of total count
                 A         B        C        D         E       F
            +---------+---------+-------+---------+---------+-------
      Total |     502 |      66 |  11.6 |      63 |      15 |  19.2
            +---------+---------+-------+---------+---------+-------
        D:1 |      35 |       3 |   7.9 |      19 |       3 |  13.6
        D:2 |      46 |      37 |  44.6 |      13 |       1 |   7.1
        D:3 |     128 |      24 |  15.8 |      15 |      10 |  40.0
        D:4 |     152 |       2 |   1.3 |       5 |       1 |  16.7
        D:5 |     141 |       0 |   0.0 |      11 |       0 |   0.0
            +---------+---------+-------+---------+---------+-------
